noty, chaotic male human Priest --------- |.......| |.......| A A@ @ |...@@..| D A @AA A |..AA...| @ @ | |...@O..| | @ @ |.A----A---- .| A & @ AA@ @ |...D..@.D....| @ ---....@OA..--- @AA@ @ @ @ AA -----|----- @@ @ V .@@A A A @ H @@ A@&. @@A V@ V A @ &...| .@.A p ...-- ..@.@ ....-- .... ...----|- ........ ------- noty the Lama Experience level: 22 Strength: 18/60 Dexterity: 18 Constitution: 18 Intelligence: 13 Wisdom: 18 Charisma: 18 Health: 139(187) Energy: 301(339) Def: 37 Gold: 94 Moves: 37883 Dungeon seed: TiBwCI6cbQ01giCB Game ID: noty_1469596644 Your Inventory: Coins $ - 94 gold pieces Amulets b - an uncursed amulet of magical breathing (being worn) l - an uncursed amulet of life saving D - an uncursed amulet of life saving Weapons G - the blessed rustproof +6 Sceptre of Might (weapon in hand) Armor e - the blessed +4 Mitre of Holiness n - an uncursed +0 mummy wrapping u - a cursed -2 helm of opposite alignment (being worn) y - an uncursed thoroughly burnt +0 pair of leather gloves (being worn) z - a blessed +2 robe (being worn) E - an uncursed burnt +0 pair of speed boots (being worn) N - an uncursed +0 T-shirt (being worn) Y - a blessed greased +5 silver dragon scale mail (being worn) Comestibles r - 2 uncursed lizard corpses s - an uncursed K-ration M - an uncursed food ration Spellbooks F - the uncursed Book of the Dead Rings f - an uncursed ring of free action (on right hand) h - an uncursed ring of searching j - an uncursed ring of teleport control L - a blessed greased ring of levitation Q - an uncursed ring of poison resistance V - an uncursed ring of see invisible Wands c - an uncursed wand of death (6:5) d - an uncursed wand of digging (0:0) g - an uncursed wand of digging (0:1) m - an uncursed wand of magic missile (0:7) o - an uncursed wand of digging (0:5) v - a blessed wand of teleportation (0:0) B - an uncursed wand of cold (0:6) I - an uncursed wand of fire (0:4) J - an uncursed wand of cold (0:4) K - an uncursed wand of fire (0:4) O - an uncursed wand of lightning (0:6) P - an uncursed wand of digging (0:5) U - an uncursed wand of cold (0:5) Tools a - an uncursed magic whistle i - an uncursed bugle k - an uncursed skeleton key p - an uncursed blindfold q - a blessed greased fireproof bag of holding t - a blessed greased fireproof leather drum x - the uncursed Bell of Opening (0:0) A - a blessed +0 unicorn horn C - a blessed oil lamp (0:982) H - the uncursed Candelabrum of Invocation (no candles attached) (0:0) S - an uncursed expensive camera (0:38) T - an uncursed magic marker (0:13) W - 6 uncursed tallow candles (0:200) Z - an uncursed magic marker (1:4) Gems R - a blessed luckstone Contents of the bag of holding: 11354 gold pieces an uncursed amulet of ESP a cursed amulet of change a cursed amulet of strangulation an uncursed amulet of unchanging the uncursed +0 Frost Brand a blessed +3 pair of iron shoes an uncursed +0 pair of speed boots an uncursed +0 pair of water walking boots 2 uncursed cloves of garlic 4 uncursed food rations an uncursed lichen corpse an uncursed lizard corpse 3 uncursed sprigs of wolfsbane an uncursed tin of Medusa meat an uncursed tin of Wizard of Yendor meat 5 blessed scrolls of blank paper 5 uncursed scrolls of blank paper a cursed scroll of blank paper a blessed scroll of charging 2 cursed scrolls of confuse monster 3 uncursed scrolls of create monster 2 cursed scrolls of create monster 3 uncursed scrolls of destroy armor 2 cursed scrolls of earth an uncursed scroll of enchant armor an uncursed scroll of enchant weapon a cursed scroll of enchant weapon 2 uncursed scrolls of identify 3 cursed scrolls of light a cursed scroll of magic mapping an uncursed scroll of punishment an uncursed scroll of remove curse 3 cursed scrolls of remove curse 2 uncursed scrolls of scare monster 4 cursed scrolls of teleportation an uncursed spellbook of charm monster an uncursed spellbook of clairvoyance an uncursed spellbook of create monster a blessed spellbook of detect monsters an uncursed spellbook of detect treasure an uncursed spellbook of dig an uncursed spellbook of drain life a cursed spellbook of drain life an uncursed spellbook of haste self a blessed spellbook of identify an uncursed spellbook of magic mapping an uncursed spellbook of magic missile an uncursed spellbook of phase an uncursed spellbook of protection a blessed spellbook of remove curse a blessed spellbook of summon nasty an uncursed spellbook of turn undead an uncursed spellbook of wizard lock a cursed potion of confusion an uncursed potion of enlightenment an uncursed potion of extra healing 2 blessed potions of full healing a cursed potion of full healing a cursed potion of gain ability an uncursed potion of gain energy an uncursed potion of hallucination a blessed potion of healing 2 uncursed potions of healing 7 potions of holy water an uncursed potion of levitation a cursed potion of monster detection a blessed potion of speed an uncursed potion of speed 4 potions of unholy water an uncursed +1 ring of adornment a cursed ring of aggravate monster an uncursed ring of fire resistance an uncursed ring of fire resistance a cursed ring of free action a cursed ring of hunger a cursed -3 ring of increase damage an uncursed ring of poison resistance a cursed ring of polymorph control a cursed ring of regeneration an uncursed ring of searching a cursed ring of sustain ability a cursed ring of warning an uncursed wand of cold (0:5) an uncursed wand of create monster (0:11) an uncursed wand of create monster (0:6) an uncursed wand of create monster (0:5) an uncursed wand of create monster (0:0) a cursed wand of create monster (0:0) a blessed wand of digging (0:6) an uncursed wand of digging (0:4) an uncursed wand of digging (0:4) an uncursed wand of digging (0:0) an uncursed wand of fire (0:0) an uncursed wand of light (0:14) an uncursed wand of locking (0:8) a cursed wand of locking (0:6) an uncursed wand of magic missile (0:8) an uncursed wand of magic missile (0:7) an uncursed wand of make invisible (0:5) an uncursed wand of opening (0:3) an uncursed wand of polymorph (0:7) an uncursed wand of polymorph (0:6) an uncursed wand of secret door detection (0:14) an uncursed wand of sleep (0:6) an uncursed wand of slow monster (0:5) an uncursed wand of speed monster (0:4) an uncursed wand of speed monster (0:0) an uncursed wand of speed monster (0:0) an uncursed wand of striking (0:7) an uncursed wand of striking (0:6) an uncursed wand of striking (0:5) an uncursed wand of striking (0:0) a blessed wand of teleportation (0:0) an uncursed wand of undead turning (0:6) an uncursed wand of undead turning (0:6) a blessed wand of wishing (1:1) a blessed oil lamp (0:1194) a blessed oil lamp (0:1142) an uncursed tinning kit (0:33) Spells and supernatural/magical abilities: Name Level Category Fail Memory a - force bolt 1 attack 0% 38% e - charm monster 3 enchantment 0% 42% h - healing 1* healing 0% 0% i - invisibility 4 escape 59% 72% j - jumping 1 escape 0% 89% k - knock 1* matter 0% 0% l - light 1* divination 0% 0% m - magic missile 2 attack 0% 50% n - detect monsters 1 divination 0% 37% p - protection 1 clerical 0% 11% q - phase 7 escape 97% 99% r - remove curse 3 clerical 0% 42% u - confuse monster 2 enchantment 0% 72% v - clairvoyance 3 divination 0% 43% z - sleep 1 enchantment 0% 14% C - cancellation 6 matter 97% 43% D - drain life 2 attack 0% 7% G - detect treasure 4* divination 0% 0% H - haste self 3 escape 0% 6% I - identify 3 divination 0% 50% K - cure sickness 3 healing 0% 79% M - magic mapping 5 divination 0% 67% N - summon nasty 7 clerical 59% 95% O - create monster 2 clerical 0% 81% R - restore ability 4 healing 54% 82% V - teleportitis -- ability ? -- W - pray for help -- divine ? -- X - turn undead -- divine ? -- Your skills at the end: Fighting Skills wands [Expert] Weapon Skills mace [Expert] Spellcasting Skills divination spells [Skilled] clerical spells [Skilled] Final Attributes: You were fervently aligned. You were fire resistant. You were cold resistant. You were sleep resistant. You were disintegration-resistant. You were shock resistant. You were poison resistant. You were magic-protected. You were telepathic. You were warned. You were sensing the presence of monsters. You were invisible. You could teleport. You could survive without air. You were protected. You were very fast. You had reflection. You had free action. You were extremely lucky. You had extra luck. Good luck did not time out for you. You survived. Vanquished creatures: Orcus Yeenoghu Juiblex The Wizard of Yendor (22 times) a high priest Medusa 5 krakens 5 iron golems 6 storm giants a glass golem a balrog Nalzok 6 purple worms 2 silver dragons 2 shimmering dragons 3 red dragons 5 white dragons 2 black dragons a blue dragon a green dragon 17 minotaurs 2 jabberwocks 3 baluchitheria 2 demiliches Vlad the Impaler 2 stone golems a master mind flayer 7 Olog-hai 3 Nazgul 5 pit fiends 4 sandestins 2 hell hounds 4 titanotheres 3 trappers a baby gray dragon a baby yellow dragon a guardian naga 4 disenchanters 27 vampire lords 6 shades 5 skeletons 5 aligned priests 5 captains 2 liches 7 nurses 6 ice devils 2 nalfeshnees 2 lurkers above 4 frost giants an ettin a golden naga 6 black puddings 36 vampires 86 ghosts 3 lieutenants a healer a ranger a queen bee a winged gargoyle 8 giant mimics 2 zruties 8 ogre kings 3 ice trolls 5 rock trolls 4 umber hulks a flesh golem 7 Elvenkings 3 doppelgangers 5 hezrous 22 bone devils 4 large mimics 4 wumpuses a fire vortex a baby purple worm 4 long worms 9 stalkers 7 air elementals 4 fire elementals 4 earth elementals 2 water elementals 10 hill giants 3 giant mummies 4 xorns 28 giant zombies 5 elf-lords 6 sergeants a barbed devil 9 vrocks 3 salamanders 9 wargs 2 winter wolves 3 hell hound pups 14 small mimics 3 glass piercers 8 warhorses a steam vortex 12 xans 7 ettin mummies 7 ogre lords 12 quantum mechanics 7 trolls 4 wood golems 3 erinyes 13 mariliths a shark 2 gelatinous cubes 4 pyrolisks 2 large dogs 3 freezing spheres 7 flaming spheres 2 shocking spheres 3 large cats 5 tigers 4 gargoyles 3 tengu 3 ochre jellies 5 leocrottas 3 energy vortices 5 mountain centaurs 2 elf mummies 3 human mummies 3 red nagas 7 pit vipers 2 pythons 5 cobras 129 wraiths a carnivorous ape 29 ettin zombies a leather golem 9 Grey-elves 52 soldiers 8 horned devils 8 succubi 7 incubi 7 chameleons 4 crocodiles 8 giant beetles 4 quivering blobs 12 cockatrices 9 wolves 3 winter wolf cubs 4 lynxes 3 panthers 15 gremlins a spotted jelly 11 leprechauns 2 orc-captains 8 iron piercers a mumak 6 giant spiders 4 scorpions 5 horses an ice vortex 10 black lights 5 vampire bats 3 forest centaurs 5 gnome kings 2 orc mummies 3 dwarf mummies 8 ogres 4 brown puddings 6 rust monsters 4 owlbears 5 yetis 6 gold golems 5 Green-elves a piranha 9 giant eels 6 lizards 7 acolytes 4 chickatrices a dog 3 dingos 3 housecats 5 jaguars a dwarf lord a blue jelly a black unicorn 2 dust vortices 3 ravens 6 plains centaurs 3 Kop Kaptains 3 gnome mummies 3 snakes 5 water moccasins 9 apes 110 human zombies 3 rope golems 7 Woodland-elves 9 soldier ants 6 fire ants 12 bugbears 2 imps 6 lemures 4 quasits 6 wood nymphs 2 water nymphs 3 mountain nymphs 10 Mordor orcs 15 Uruk-hai an orc shaman 9 rock piercers 5 rock moles 4 ponies 3 fog clouds 12 yellow lights 4 shriekers 3 violet fungi 16 gnome lords 6 gnomish wizards 3 Kop Lieutenants a kobold mummy a red naga hatchling 2 golden naga hatchlings a guardian naga hatchling 5 gray oozes 6 barrow wights 59 elf zombies 28 ghouls 3 straw golems 2 paper golems a jellyfish 4 baby crocodiles 24 giant ants 5 little dogs 10 floating eyes 6 kittens 7 dwarves 5 homunculi 4 kobold lords 29 hill orcs 18 rothes 2 rabid rats a centipede 5 giant bats 4 Kop Sergeants 4 monkeys 77 orc zombies 63 dwarf zombies 2 wererats 5 werejackals 9 iguanas 13 killer bees 2 acid blobs 8 coyotes 2 gas spores 8 manes 5 large kobolds 10 hobgoblins 11 giant rats 14 cave spiders 4 brown molds 6 yellow molds 5 red molds 51 gnomes 9 Keystone Kops 35 garter snakes 45 gnome zombies 12 geckos 25 jackals 2 foxes 4 kobolds 2 goblins 10 sewer rats 15 grid bugs 6 bats 10 lichens 51 kobold zombies 14 newts 2222 creatures vanquished. Genocided or extinct species: mind flayers master mind flayers liches demiliches master liches arch-liches wraiths (extinct) human zombies (extinct) erinyes (extinct) 6 species genocided. 3 species extinct. Voluntary challenges: You used a wielded weapon 3362 times, starting on turn 182. You read items or engraved 424 times, starting on turn 823. You genocided 6 types of monsters, starting on turn 24962. You never polymorphed an object. You never changed form. You used 7 wishes, starting on turn 1877. You wished for your your first artifact on turn 1877. You split 7 puddings, starting on turn 5468. You wrote Elbereth's name 15 times, starting on turn 11170. You violated your moral code, losing 33 points of alignment, starting on turn 908. Dungeon overview: The Dungeons of Doom: levels 1 to 25 Level 1 an altar to Anu, a fountain stairs to The Elemental Planes Level 2 stairs to The Gnomish Mines Level 3 Level 4 a fountain Level 5 a fountain Level 6 many fountains Level 7 stairs to Sokoban Level 8 an armor shop Level 9 a fountain Level 10 a temple to Anu, a fountain Level 11 a potion shop Level 12 a fountain portal to The Quest Level 13 a fountain Level 14 some fountains Level 15 Level 16 a general store, a fountain Level 17 a fountain Level 18 Level 19 a sink Level 20 Level 21 a fountain Level 22 Level 23 Level 24 Level 25 Gehennom: levels 26 to 47 Level 26 a temple to Moloch stairs to The Dungeons of Doom Level 27 Level 28 Level 29 a fountain Level 30 Level 31 Level 32 Level 33 Level 34 Level 35 some shops, an altar to Moloch Level 36 Level 37 stairs to Vlad's Tower Level 38 Level 39 Level 40 Level 41 Level 42 Level 43 portal to Gehennom Level 44 Level 45 portal to Gehennom Level 46 Level 47 The Gnomish Mines: levels 3 to 10 Level 3 stairs to The Dungeons of Doom Level 4 Level 5 many shops, a temple to Anu, some fountains Level 6 Level 7 Level 8 Level 9 Level 10 The Quest: levels 1 to 5 Level 1 a temple to Moloch portal to The Dungeons of Doom Level 2 Level 3 a temple to Moloch Level 4 Level 5 Sokoban: levels 3 to 6 Level 3 Level 4 Level 5 Level 6 stairs to The Dungeons of Doom Vlad's Tower: levels 34 to 36 Level 34 Level 35 Level 36 stairs to Gehennom The Elemental Planes: Astral Plane <- You were here a high altar Plane 4 portal to The Elemental Planes Plane 3 portal to The Elemental Planes Plane 2 portal to The Elemental Planes Plane 1 portal to The Elemental Planes History has recorded: On T:1 you entered the Dungeons of Doom to retrieve the Amulet of Yendor! On T:208 you reached level 2 of The Dungeons of Doom. On T:514 you reached level 1 of The Gnomish Mines. On T:626 you advanced to experience level 2. On T:700 you advanced to experience level 3. On T:1122 you reached level 2 of The Gnomish Mines. On T:1129 you advanced to experience level 4. On T:1258 you advanced to experience level 5. On T:1499 you reached level 3 of The Gnomish Mines. On T:1877 you wished for "blessed greased fixed +3 sceptre of might". On T:2136 you advanced to experience level 6. On T:2187 you wished for "blessed greased fixed +3 silver dragon scale mail". On T:2343 you reached level 4 of The Gnomish Mines. On T:2845 you reached level 3 of The Dungeons of Doom. On T:3304 you reached level 4 of The Dungeons of Doom. On T:3793 you reached level 5 of The Dungeons of Doom. On T:3928 you reached level 6 of The Dungeons of Doom. On T:4349 you advanced to experience level 7. On T:4545 you reached level 7 of The Dungeons of Doom. On T:5136 you reached level 8 of The Dungeons of Doom. On T:5199 you reached level 4 of Sokoban. On T:5811 you reached level 3 of Sokoban. On T:6681 you reached level 2 of Sokoban. On T:7233 you reached level 1 of Sokoban. On T:7247 you advanced to experience level 8. On T:9780 you reached level 5 of The Gnomish Mines. On T:9824 you reached level 6 of The Gnomish Mines. On T:9921 you advanced to experience level 9. On T:10111 you reached level 7 of The Gnomish Mines. On T:10223 you reached level 8 of The Gnomish Mines. On T:12469 you wished for "blessed greased fixed bag of holding". On T:12997 you reached level 9 of The Dungeons of Doom. On T:13272 you reached level 10 of The Dungeons of Doom. On T:13537 you reached level 11 of The Dungeons of Doom. On T:13616 you reached level 12 of The Dungeons of Doom. On T:13870 you reached level 1 of The Quest. On T:13910 you advanced to experience level 10. On T:14135 you advanced to experience level 11. On T:14387 you advanced to experience level 12. On T:14781 you advanced to experience level 13. On T:15098 you advanced to experience level 14. On T:15134 you embarked upon an epic quest. On T:15171 you reached level 2 of The Quest. On T:15315 you reached level 3 of The Quest. On T:15405 you advanced to experience level 15. On T:15740 you reached level 4 of The Quest. On T:16128 you reached level 5 of The Quest. On T:16133 you killed Nalzok on level 5 of The Quest. On T:16156 you advanced to experience level 16. On T:16763 you advanced to experience level 17. On T:16765 you advanced to experience level 18. On T:16775 you advanced to experience level 19. On T:17338 you completed the quest! On T:17629 you reached level 13 of The Dungeons of Doom. On T:19299 you reached level 14 of The Dungeons of Doom. On T:19708 you reached level 15 of The Dungeons of Doom. On T:20155 you reached level 16 of The Dungeons of Doom. On T:20232 you reached level 17 of The Dungeons of Doom. On T:20869 you reached level 18 of The Dungeons of Doom. On T:21033 you reached level 19 of The Dungeons of Doom. On T:21425 you reached level 20 of The Dungeons of Doom. On T:22470 you reached level 21 of The Dungeons of Doom. On T:22741 you reached level 22 of The Dungeons of Doom. On T:23196 you reached level 24 of The Dungeons of Doom. On T:23324 you killed Medusa on level 23 of The Dungeons of Doom. On T:23802 you reached The Castle. On T:24813 you wished for "blessed greased fixed ring of levitation". On T:24961 you wished for "2 scrolls of genocide". On T:25299 you reached The Valley of the Dead. On T:25787 you advanced to experience level 20. On T:25973 you reached level 2 of Gehennom. On T:27811 you wished for "blessed spellbook of identify". On T:29216 you reached level 4 of Gehennom. On T:29219 you reached level 3 of Gehennom. On T:29263 you killed Juiblex on level 4 of Gehennom. On T:29799 you reached level 5 of Gehennom. On T:29841 you reached level 6 of Gehennom. On T:30160 you reached level 7 of Gehennom. On T:30291 you reached level 8 of Gehennom. On T:30370 you reached level 9 of Gehennom. On T:30614 you reached level 10 of Gehennom. On T:31343 you reached level 11 of Gehennom. On T:31765 you killed Orcus on level 11 of Gehennom. On T:31936 you reached level 12 of Gehennom. On T:31941 you reached level 3 of Vlad's Tower. On T:31988 you reached level 2 of Vlad's Tower. On T:32181 you reached level 1 of Vlad's Tower. On T:32208 you killed Vlad the Impaler on level 1 of Vlad's Tower. On T:32582 you reached level 13 of Gehennom. On T:32696 you reached level 14 of Gehennom. On T:32708 you reached level 15 of Gehennom. On T:32869 you reached level 16 of Gehennom. On T:32885 you reached level 17 of Gehennom. On T:32902 you reached level 18 of Gehennom. On T:32918 you reached level 19 of Gehennom. On T:33080 you reached level 20 of Gehennom. On T:33908 you reached level 21 of Gehennom. On T:34960 you killed Wizard of Yendor on level 16 of Gehennom. On T:34991 you performed the invocation. On T:34993 you reached level 22 of Gehennom. On T:35104 you killed Wizard of Yendor on level 22 of Gehennom. On T:35106 you killed high priestess of Moloch on level 22 of Gehennom. On T:35110 you gained the Amulet of Yendor! On T:35221 you killed Yeenoghu on level 22 of Gehennom. On T:35450 you killed Wizard of Yendor on level 10 of Gehennom. On T:35452 you killed Wizard of Yendor on level 10 of Gehennom. On T:35454 you killed Wizard of Yendor on level 10 of Gehennom. On T:35581 you killed Wizard of Yendor on level 11 of Gehennom. On T:35583 you killed Wizard of Yendor on level 11 of Gehennom. On T:35584 you killed Wizard of Yendor on level 11 of Gehennom. On T:35586 you killed Wizard of Yendor on level 11 of Gehennom. On T:35586 you killed Wizard of Yendor on level 11 of Gehennom. On T:35595 you killed Wizard of Yendor on level 11 of Gehennom. On T:35596 you killed Wizard of Yendor on level 11 of Gehennom. On T:35601 you lost the Amulet of Yendor. On T:35608 you killed Wizard of Yendor on level 24 of The Dungeons of Doom. On T:35708 you killed Wizard of Yendor on level 11 of Gehennom. On T:35708 you killed Wizard of Yendor on level 11 of Gehennom. On T:35711 you gained the Amulet of Yendor! On T:35712 you advanced to experience level 21. On T:36106 you killed Wizard of Yendor on level 5 of Gehennom. On T:36107 you killed Wizard of Yendor on level 5 of Gehennom. On T:36538 you killed Wizard of Yendor in The Castle. On T:36540 you killed Wizard of Yendor in The Castle. On T:36761 you killed Wizard of Yendor on level 19 of The Dungeons of Doom. On T:37278 you killed Wizard of Yendor on level 7 of The Dungeons of Doom. On T:37281 you advanced to experience level 22. On T:37609 you reached the Plane of Earth. On T:37610 you killed Wizard of Yendor on the Plane of Earth. On T:37698 you reached the Plane of Air. On T:37725 you wished for "blessed greased fixed leather drum". On T:37783 you reached the Plane of Fire. On T:37817 you reached the Plane of Water. On T:37858 you reached the Astral Plane. On T:37883 you lost the Amulet of Yendor. On T:37883 you offered the Amulet of Yendor to Anshar and ascended to the status of Demigod! Score breakdown: Gold: 11448 (13806 points) Experience: 22 levels (25528 points) Exploration: 47 levels (100.00%) (30000 points) Discoveries: 134 items ( 44.67%) (20049 points) Valuables value: 1050 (10278 points) Artifact value: 24500 (14930 points) Variety of kills: 269 monsters ( 70.23%) (25141 points) Turncount: 37883 turns (-4346 points) Survival: ascended (score multiplied by 200%) Total score: 270772 Latest messages: The sleep ray whizzes by you! The sleep ray bounces! The sleep ray whizzes by you! The sleep ray whizzes by the Angel of Ishtar! The sleep ray whizzes by the Angel of Anshar! The invisible renegade priestess of Moloch resists! The Angel of Anshar is caught in the sleeping gas! The renegade priestess of Anshar is caught in the sleeping gas! The Angel of Anshar swings her long sword at you. The Angel of Anshar hits! The Angel of Anshar swings her long sword at you. The Angel of Anshar hits! The Angel of Anshar misses. (2x) The renegade priestess of Anu turns to flee! There is an altar to Anshar (chaotic) here. You offer the Amulet of Yendor to Anshar... An invisible choir sings, and you are bathed in radiance... The voice of Anshar rings out: "Congratulations, mortal!" "In return for thy service, I grant thee the gift of Immortality!" You ascend to the status of Demigod... Final status: Goodbye noty the Demigod, ascended... You went to your reward with 270772 points, The Mitre of Holiness (worth 2000 zorkmids) Frost Brand (worth 3000 zorkmids) The Bell of Opening (worth 5000 zorkmids) The Book of the Dead (worth 10000 zorkmids) The Sceptre of Might (worth 2500 zorkmids) The Candelabrum of Invocation (worth 5000 zorkmids) 2 amulets of life saving (worth 300 zorkmids), 1 amulet of ESP (worth 150 zorkmids), 1 amulet of strangulation (worth 150 zorkmids), 1 amulet of change (worth 150 zorkmids), 1 amulet of unchanging (worth 150 zorkmids), 1 amulet of magical breathing (worth 150 zorkmids), and 11448 pieces of gold, after 37883 moves. You were level 22 with a maximum of 187 hit points when you ascended.